 Dungeon Crawl Stone Soup version 0.30-a0-948-g4fa250aae5 (webtiles) character file.

Game seed: 3130098768797581989

15 DeathPants the Sneak (level 2, 0/16 HPs)
             Began as a Vine Stalker Delver on Mar 26, 2023.
             Slain by an iguana (7 damage)
             ... on level 5 of the Dungeon.
             The game lasted 00:02:12 (463 turns).

DeathPants the Sneak (Vine Stalker Delver)           Turns: 463, Time: 00:02:12

Health: 0/16       AC:  3    Str: 14    XL:     2   Next: 50%
Magic:  0/3        EV: 12    Int: 10    God:
Gold:   12         SH:  0    Dex: 15    Spells: 1/1 levels left

rFire   . . .      SeeInvis .    i - +0 rapier
rCold   . . .      Faith    .    (no shield)
rNeg    . . .      Spirit   +    b - +0 leather armour
rPois   .          Reflect  .    (no helmet)
rElec   .          Rampage  .    (no cloak)
rCorr   .                        (no gloves)
Will    .....                    (no boots)
Stlth   +++                      (no amulet)
HPRegen 0.22/turn                (no ring)
MPRegen 0.08/turn                (no ring)

@: no status effects
A: fangs 2, magic shield, antimagic bite, no potion heal 2
a: no special abilities


You were on level 5 of the Dungeon.
You visited 2 branches of the dungeon, and saw 3 of its levels.

You collected 12 gold pieces.

Inventory:

Hand Weapons
 i - a +0 rapier (weapon)
Armour
 b - a +0 leather armour (worn)
Wands
 g - a wand of digging (3)
Scrolls
 c - a scroll of fog
 d - a scroll of magic mapping
 e - a scroll of fear
Potions
 a - 2 potions of curing {unknown}
 f - a potion of haste
 h - a potion of might {unknown}
 j - a potion of heal wounds {unknown}


   Skills:
 + Level 3.0 Fighting
 - Level 1.7 Short Blades
 + Level 1.9 Dodging
 + Level 6.2 Stealth


You had one spell level left.
You didn't know any spells.
Your spell library was empty.

Dungeon Overview and Level Annotations

Branches:
Dungeon (6/15)             Temple (1/1) D:5

Altars:
Dithmenos
Elyvilon
Fedhas
Gozag
Nemelex Xobeh
Okawaru
Qazlal
Ru
Sif Muna
Uskayaw
Vehumet
Yredelemnul
Zin


Innate Abilities, Weirdness & Mutations

You have extremely sharp teeth.
When hurt, damage is shared between your health and your magic reserves.
Your bite disrupts and absorbs the magic of your enemies.
Potions cannot restore your health.


Message History

Gozag does not accept service from beggars like you!
The service fee for joining is currently 35 gold; you have none.
Unknown command.
Press < or > to pray at altars.
Unknown command.
Press < or > to pray at altars.
There is a staircase back to the Dungeon here.
You climb upwards.
You hear the sound of rushing water.
There is an entrance to a sewer on this level.
Hurry and find it before the portal rusts away!
You hear the brisk rusting of a distant drain.
There is a staircase to the Ecumenical Temple here.
A hound comes into view.
The hound moves out of view.
You now have 12 gold pieces.
A hound is nearby!
You open the door.
There is an open door here.
Found a sparkling altar of Nemelex Xobeh.
An iguana comes into view.
Found 5 stones.
The iguana hisses angrily.
You hear the brisk rusting of a distant drain.
You hit the iguana. You bite the iguana, but do no damage.
The iguana is lightly wounded.
The iguana bites you!
Ouch! That really hurt!
You hit the iguana.
The iguana is heavily wounded.
The iguana barely misses you.
You closely miss the iguana.
The iguana is heavily wounded.
The iguana misses you.
You hit the iguana but do no damage.
The iguana is heavily wounded.
The iguana bites you but does no damage.
You hit the iguana but do no damage. Your bite misses the iguana.
The iguana is heavily wounded.
The iguana bites you!
You die...

##....##.............#..#
#................#.... #
#.......#..#.รท.<..# .
##.##...#........##
#.##.....#^...#.# .
####....##....#.#....
###.##............
###..#'###....#. #....#@#
..### ##..##l## .#
#..#...# .. ##...## ..
#.....# ... ###.....###
#....8....#
#......#......#
.....8###8....._#


You could see an iguana.

Vanquished Creatures
  An adder (D:5)
  3 orcs
4 creatures vanquished.

Notes
Turn   | Place    | Note
-------+----------+-------------------------------------------
     0 | D:5      | DeathPants the Vine Stalker Delver began the quest for the
                  | Orb.
     0 | D:5      | Reached XP level 1. HP: 11/11 MP: 2/2
   112 | D:6      | Noticed an orc warrior
   190 | D:5      | Found a staircase to the Ecumenical Temple.
   223 | D:5      | Reached XP level 2. HP: 10/16 MP: 1/3
   233 | Temple   | Entered the Ecumenical Temple
   448 | D:5      | Found a sparkling altar of Nemelex Xobeh.
   463 | D:5      | Slain by an iguana

Illustrated notes

Levels and vault maps discovered:
D:5:      layout_cave_pools, mainiacjoe_overflow_alcove_1,
          minmay_overflow_temple_star_quad, minmay_temple_entry_butterflies,
          gup_sewer_entry_spiral, kennysheep_minor_cross,
          hangedman_decor_riveting
D:6:      layout_loops_corners, nzn_wu_jian_council_hall
Temple:   oiseaux_autumnal_temple

Skill      XL: |  1 |
---------------+----+-----
Fighting       | 3 |  3.0
Short Blades   | |  1.7
Dodging        | |  1.9
Stealth        | |  6.2

Action                     || total
---------------------------++-------
  Melee: Rapier            ||    18
         Bite              ||     2
   Stab: Sleeping          ||     1
 Armour: Leather armour    ||     4
  Dodge: Dodged            ||     9

Table legend: (Time is in decaauts)
 A = Elapsed time spent in this place.
 B = Non-inter-level travel time spent in this place.
 C = Inter-level travel time spent in this place.
 D = Time resting spent in this place.
 E = Time spent auto-exploring this place.
 F = Levels seen in this place.
 G = Mean time per level.
                   A        B        C        D        E       F      G
               +--------+--------+--------+--------+--------+-----+--------+
         Total |    466 |    448 |     18 |      0 |    155 |   3 |  155.3 |
       Dungeon |    296 |    296 |      0 |      0 |     34 |   2 |  148.0 |
        Temple |    170 |    152 |     18 |      0 |    121 |   1 |  170.0 |
               +--------+--------+--------+--------+--------+-----+--------+

Top non-repeatable levels by time:
     D:6: 180 daAuts
  Temple: 170 daAuts
     D:5: 115 daAuts
